 Dungeon Crawl Stone Soup version 0.25-a0-424-g80bd347 (webtiles) character file.

Game seed: 15047874074456906772, levelgen mode: deterministic

21904 Atlas the Tainter (level 12, -2/77 HPs)
             Began as an Octopode Venom Mage on Jan 23, 2020.
             Was a Priest of Ashenzari.
             Slain by a meliai
             ... wielding a +0 hand axe
              (4 damage)
             ... on level 13 of the Dungeon.
             The game lasted 00:32:10 (16596 turns).

Atlas the Tainter (Octopode Venom Mage)            Turns: 16596, Time: 00:32:11

Health: -2/77      AC:  1    Str: 10    XL:     12   Next: 94%
Magic:  21/24      EV: 17    Int: 22    God:    Ashenzari [***...]
Gold:   802        SH:  0    Dex: 13    Spells: 15/28 levels left

rFire    . . .     SeeInvis +   r - +7 flail (protect) (curse)
rCold    . . .     Gourm    .   p - +2 buckler (curse)
rNeg     . . .     Faith    +   (helmet restricted)
rPois    .         Spirit   .   J - amulet of faith
rElec    .         Reflect  .   y - +1 ring of evasion
rCorr    .         Harm     .   D - +3 ring of strength
MR       .....                  (no ring)
Stlth    +++.......             (no ring)
HPRegen  0.22/turn              (no ring)
MPRegen  0.19/turn              (no ring)
                                (no ring)
                                (no ring)

@: confused
A: almost no armour, stealthy swim, amphibious, 8 rings, constrict 8, camouflage
1, gelatinous body 1
a: Curse Item, Scrying, Renounce Religion


You were on level 13 of the Dungeon.
You worshipped Ashenzari.
Ashenzari was most pleased with you.
You were hungry.

You visited 1 branch of the dungeon, and saw 13 of its levels.

You collected 802 gold pieces.

Inventory:

Hand Weapons
 r - a cursed +7 flail of protection (weapon)
 K - the +6 short sword of Zeig {vorpal, Dex+4}
   (You found it on level 8 of the Dungeon)

   It inflicts extra damage upon your enemies.
   It affects your dexterity (+4).
Missiles
 k - 5 datura-tipped darts (quivered)
Armour
 p - a cursed +2 buckler (worn)
Jewellery
 y - a +1 ring of evasion (left tentacle)
 D - a +3 ring of strength (right tentacle)
 F - an uncursed amulet of the acrobat
 J - an amulet of faith (around mantle)
 M - an uncursed ring of fire
Wands
 d - a wand of polymorph (13)
 o - a wand of flame (35)
 x - a wand of random effects (40)
 C - a wand of iceblast (18)
 H - a wand of paralysis (12)
 N - a wand of acid (5)
 O - a wand of disintegration (21)
 V - a wand of digging (6)
Scrolls
 c - 5 scrolls of amnesia {unknown}
 e - 2 scrolls of enchant weapon
 f - 7 scrolls of teleportation {unknown}
 g - 10 scrolls of identify
 i - 8 scrolls of remove curse
 l - 6 scrolls of enchant armour
 q - 3 scrolls of blinking {unknown}
 t - a scroll of immolation {unknown}
 u - a scroll of noise {unknown}
 w - 2 scrolls of fog {unknown}
 I - 3 scrolls of magic mapping {unknown}
 P - a scroll of holy word {unknown}
 R - a scroll of vulnerability {unknown}
 S - a scroll of brand weapon {unknown}
Potions
 a - a potion of brilliance {unknown}
 h - 2 potions of berserk rage {unknown}
 j - 2 potions of degeneration {unknown}
 m - a potion of flight {unknown}
 n - a potion of lignification {unknown}
 s - a potion of invisibility {unknown}
 v - 3 potions of curing
 z - 3 potions of might {unknown}
 A - 2 potions of haste
 B - a potion of magic {unknown}
 E - a potion of heal wounds
 G - a potion of resistance {unknown}
 L - a potion of cancellation {unknown}
 Q - a potion of mutation {unknown}
Miscellaneous
 T - a box of beasts
 U - a phial of floods
Comestibles
 b - 25 rations


   Skills:
 + Level 5.3 Fighting
 + Level 9.9(12.6) Maces & Flails
 + Level 0.4 Throwing
 + Level 6.2 Dodging
 + Level 7.9 Stealth
 + Level 5.0(6.8) Shields
 + Level 2.8 Unarmed Combat
 + Level 8.7 Spellcasting
 + Level 2.0 Conjurations
 + Level 3.0 Transmutations
 + Level 2.6 Fire Magic
 + Level 6.4 Air Magic
 + Level 11.2 Poison Magic


You had 15 spell levels left.
You knew the following spells:

 Your Spells              Type           Power        Failure   Level  Hunger
a - Poisonous Vapours     Pois/Air       #####.       1%          2    None
b - Sting                 Tmut/Pois      ####         1%          1    None
c - Mephitic Cloud        Conj/Pois/Air  #####...     1%          3    None
d - Olgreb's Toxic Radia  Pois           ######..     1%          4    ##.....
e - Ignite Poison         Fire/Tmut/Pois ####....     1%          3    None

Your spell library contained the following spells:

 Spells                   Type           Power        Failure   Level  Hunger
 Swiftness                Chrm/Air       ###.....     2%          2    None
 Magic Dart               Conj           ###.         3%          1    None
 Searing Ray              Conj           ###...       4%          2    None
 Passwall                 Tmut/Erth      ###.....     5%          2    None
 Animate Skeleton         Necr           N/A          7%          1    None
 Apportation              Tloc           #.....       7%          1    None
 Corona                   Hex            #......      7%          1    None
 Summon Small Mammal      Summ           #...         7%          1    None
 Ensorcelled Hibernation  Hex/Ice        #.....       11%         2    None
 Dazzling Flash           Conj/Hex       ##....       14%         3    None
 Confusing Touch          Hex            #.......     21%         3    None
 Gell's Gravitas          Tloc           #.........   21%         3    None
 Recall                   Summ/Tloc      N/A          21%         3    None
 Tukima's Dance           Hex            #.......     21%         3    None
 Petrify                  Tmut/Erth      ###.....     36%         4    ##.....
 Fulminant Prism          Conj/Hex       ##........   41%         4    ##.....
 Iskenderun's Mystic Bla  Conj/Tloc      ##......     41%         4    ##.....
 Passage of Golubria      Tloc           N/A          56%         4    ##.....
 Fireball                 Conj/Fire      ###.......   58%         5    #####..
 Bolt of Magma            Conj/Fire/Erth ###.......   71%         5    #####..
 Yara's Violent Unravell  Hex/Tmut       ###.......   71%         5    #####..
 Iskenderun's Battlesphe  Conj/Chrm      ##......     77%         5    #####..
 Aura of Abjuration       Summ           #.........   88%         5    #####..
 Lee's Rapid Deconstruct  Erth           #.........   88%         5    #####..
 Metabolic Englaciation   Hex/Ice        #.........   88%         5    #####..
 Summon Demon             Summ           #.........   88%         5    #####..
 Summon Forest            Summ/Tloc      #.........   88%         5    #####..
 Summon Mana Viper        Hex/Summ       #.......     88%         5    #####..
 Starburst                Conj/Fire      ###.......   99%         6    ######.
 Darkness                 Hex            #.........   100%        6    ######.
 Invisibility             Hex            #.......     100%        6    ######.
 Iron Shot                Conj/Erth      ##........   100%        6    ######.
 Shadow Creatures         Summ           N/A          100%        6    ######.
 Orb of Destruction       Conj           ###.......   100%        7    #######
 Ring of Flames           Chrm/Fire      ###.......   100%        7    #######
 Spellforged Servitor     Conj/Summ      ##........   100%        7    #######
 Ignition                 Fire           ###.......   100%        8    #######


Dungeon Overview and Level Annotations

Branches:
Dungeon (13/15)            Temple (0/1) D:7            Lair (0/6) D:10
    Orc (0/2) D:12
 Vaults: D:13-14

Altars:
Ashenzari
Vehumet
Xom

Shops:
D:5 *   D:12 :


Innate Abilities, Weirdness & Mutations

You cannot wear most types of armour.
You are very stealthy in the water. (Stealth+)
You are amphibious.
You can wear up to eight rings at the same time.
You can use your tentacles to constrict eight enemies at once.
Your skin changes colour to match your surroundings (Stealth+).
Your rubbery body absorbs attacks. (AC +1, EV +1)


Message History

* * * LOW HITPOINT WARNING * * *
The meliai barely misses you.
The troll bites the deep elf mage!
The troll closely misses the deep elf mage.
The troll claws the deep elf mage but does no damage.
The wyvern zombie bites you.
* * * LOW HITPOINT WARNING * * *
Unknown command.
You feel much better.
You are engulfed in noxious fumes.
The meliai closely misses you. The meliai stings you!
* * * LOW HITPOINT WARNING * * *
The deep elf mage hits you with a +0 dagger.
* * * LOW HITPOINT WARNING * * *
The troll barely misses the wyvern zombie.
The troll claws the wyvern zombie.
The troll claws the wyvern zombie!
The wyvern zombie bites you!
* * * LOW HITPOINT WARNING * * *
The meliai hits you with a +0 hand axe!
* * * LOW HITPOINT WARNING * * *
The meliai stings you.
You die...

.#, ,+ ....# #........,
.#* **#....# #.........,,
.# #+###....# #.........
.# #.#8#....# #.........
.# #........# #.........
.###........# #.........
* .......(....#
#☼T....... ....[.......#
#Zye......
..#.....(...###°@.......
..#<...(................
,
..#..[...............###*
..#.........####.....#
..#.........# #.....#
..#...####..# #.....#
..#...# #..# #..<..#
^#...# #..# #.....#
,,#...# #..# *, ...#


You could see a deep elf mage, a troll (confused), a meliai and a wyvern zombie.

Vanquished Creatures
  Josephine (D:10)
  A centaur warrior (D:13)
  6 two-headed ogres
  Sonja (D:11)
  2 unseen horrors
  Pikel (D:4)
  A deep elf mage (D:12)
  2 cyclopes (D:10)
  2 manticores
  A centaur zombie (D:10)
  Psyche (D:10)
  2 trolls
  2 meliai (D:13)
  A merfolk (D:12)
  2 hornets
  4 hippogriffs
  3 wraiths (D:10)
  2 shadows (D:13)
  A wyvern (D:11)
  15 yaks
  Eustachio (D:6)
  Menkaure (D:6)
  Edmund (D:4)
  3 vampire mosquitoes (D:13)
  Duvessa (D:5)
  2 water moccasins
  2 orc warriors
  3 black bears
  3 ice beasts
  A necrophage (D:12)
  3 phantoms
  A slave (D:3)
  A sky beast (D:12)
  2 eyes of draining
  4 ogres
  9 centaurs
  A big kobold (D:9)
  Blork the orc (D:6)
  9 bullfrogs
  Dowan (D:5)
  A wyvern zombie (D:10)
  5 scorpions
  A water moccasin skeleton (D:12)
  13 killer bees
  4 wights (D:9)
  2 howler monkeys (D:10)
  8 crimson imps
  4 bullfrog zombies
  A quasit (D:11)
  2 jellies
  2 orc priests
  Crazy Yiuf (D:7)
  5 hounds
  4 bullfrog skeletons
  4 iguanas
  4 orc wizards
  10 worker ants
  A killer bee zombie (D:7)
  2 hound skeletons
  A howler monkey skeleton (D:7)
  Robin (D:3)
  A worker ant zombie (D:11)
  6 gnolls
  11 adders
  3 shadow imps
  3 oozes
  6 worms
  A dart slug (D:3)
  13 leopard geckos
  35 orcs
  3 giant cockroaches
  13 goblins
  10 hobgoblins
  25 jackals
  10 kobolds
  7 quokkas
  A ball python (D:2)
  9 bats
  8 frilled lizards
  A leopard gecko skeleton (D:5)
  A leopard gecko zombie (D:7)
  6 rats
350 creatures vanquished.

Vanquished Creatures (others)
  An orc priest (D:4)
  2 orc wizards (D:4)
  An adder (D:4)
  3 orcs (D:4)
  A hobgoblin (D:4)
  A fungus (D:10)
  A plant (D:10)
  6 toadstools (D:6)
16 creatures vanquished.

Grand Total: 366 creatures vanquished

Notes
Turn   | Place    | Note
-------+----------+-------------------------------------------
     0 | D:1      | Atlas the Octopode Venom Mage began the quest for the Orb.
     0 | D:1      | Reached XP level 1. HP: 11/11 MP: 3/3
   350 | D:1      | Reached XP level 2. HP: 16/17 MP: 3/5
   357 | D:1      | Reached skill level 4 in Poison Magic
  1468 | D:2      | Reached XP level 3. HP: 21/21 MP: 2/6
  1572 | D:2      | Learned a level 2 spell: Poisonous Vapours
  1576 | D:2      | Learned a level 3 spell: Mephitic Cloud
  1832 | D:2      | Found a faded altar of an unknown god.
  1839 | D:2      | Reached skill level 1 in Unarmed Combat
  1982 | D:2      | Reached XP level 4. HP: 13/27 MP: 2/7
  3753 | D:3      | Reached XP level 5. HP: 32/32 MP: 5/8
  4011 | D:4      | Reached skill level 5 in Poison Magic
  4362 | D:4      | Noticed Edmund
  4386 | D:4      | Killed Edmund
  4386 | D:4      | Reached skill level 1 in Air Magic
  4386 | D:4      | Reached XP level 6. HP: 24/37 MP: 1/10
  4526 | D:4      | Found a shattered altar of Ashenzari.
  4547 | D:4      | Became a worshipper of Ashenzari the Shackled
  4579 | D:4      | Noticed Pikel
  4580 | D:4      | Noticed a slave
  4581 | D:4      | Noticed a slave
  4582 | D:4      | Noticed a slave
  4596 | D:4      | Noticed Robin
  4603 | D:4      | Noticed a slave
  4883 | D:3      | Learned a level 4 spell: Olgreb's Toxic Radiance
  4890 | D:3      | Killed Robin
  4894 | D:3      | Killed a slave
  5020 | D:4      | Killed Pikel
  5020 | D:4      | Reached skill level 1 in Fighting
  5020 | D:4      | Reached skill level 1 in Shields
  5020 | D:4      | Reached XP level 7. HP: 8/44 MP: 9/12
  5537 | D:4      | Reached XP level 8. HP: 45/49 MP: 6/13
  5793 | D:5      | Entered Level 5 of the Dungeon
  5831 | D:5      | Found Iklopp's General Store.
  5835 | D:5      | Reached skill level 6 in Poison Magic
  6221 | D:5      | Noticed Duvessa
  6238 | D:5      | Learned a level 3 spell: Ignite Poison
  6240 | D:5      | Noticed Dowan
  6247 | D:5      | Killed Duvessa
  6269 | D:5      | Reached skill level 5 in Stealth
  6288 | D:5      | Killed Dowan
  6735 | D:6      | Noticed Blork the orc
  6745 | D:6      | Killed Blork the orc
  6796 | D:6      | Reached XP level 9. HP: 55/55 MP: 4/16
  6884 | D:6      | Reached skill level 5 in Spellcasting
  7001 | D:6      | Reached * piety under Ashenzari
  7059 | D:6      | Noticed Menkaure
  7070 | D:6      | Killed Menkaure
  7070 | D:6      | Reached skill level 7 in Poison Magic
  7262 | D:6      | Noticed Eustachio
  7267 | D:6      | Killed Eustachio
  7864 | D:7      | Found a runed translucent door.
  7865 | D:7      | Noticed Crazy Yiuf
  8029 | D:7      | Found a staircase to the Ecumenical Temple.
  8375 | D:7      | Reached skill level 5 in Maces & Flails
  8459 | D:7      | Noticed a hornet
  8463 | D:7      | Killed a hornet
  8701 | D:7      | Killed Crazy Yiuf
  8868 | D:8      | Reached XP level 10. HP: 58/63 MP: 10/18
  9038 | D:8      | Reached skill level 1 in Fire Magic
  9089 | D:8      | Reached skill level 1 in Conjurations
  9127 | D:8      | Identified the +6 short sword of Zeig {vorpal, Dex+4}
  9148 | D:8      | Reached ** piety under Ashenzari
  9428 | D:8      | Reached skill level 8 in Poison Magic
  9573 | D:9      | Noticed a two-headed ogre
  9578 | D:9      | Killed a two-headed ogre
  9600 | D:9      | Noticed a two-headed ogre
  9615 | D:9      | Killed a two-headed ogre
  9718 | D:9      | Found a shimmering altar of Xom.
  9879 | D:9      | Noticed a two-headed ogre
  9888 | D:9      | Killed a two-headed ogre
 10021 | D:9      | Reached skill level 5 in Air Magic
 10025 | D:9      | Reached XP level 11. HP: 69/69 MP: 20/20
 10028 | D:9      | Reached skill level 9 in Poison Magic
 10526 | D:10     | Entered Level 10 of the Dungeon
 10565 | D:10     | Noticed Josephine
 10574 | D:10     | Reached skill level 5 in Dodging
 10579 | D:10     | Killed Josephine
 10712 | D:10     | Noticed a two-headed ogre
 10729 | D:10     | Killed a two-headed ogre
 10913 | D:10     | Noticed a cyclops
 10935 | D:10     | Killed a cyclops
 11138 | D:10     | Found a staircase to the Lair.
 11239 | D:10     | Noticed a two-headed ogre
 11254 | D:10     | Killed a two-headed ogre
 11507 | D:10     | Killed an unseen horror
 11507 | D:10     | Reached skill level 10 in Poison Magic
 11623 | D:10     | Noticed Psyche
 11628 | D:10     | Killed Psyche
 12404 | D:11     | Reached XP level 12. HP: 75/75 MP: 23/23
 12749 | D:11     | Noticed a two-headed ogre
 12759 | D:10     | Killed a two-headed ogre
 13419 | D:11     | Reached *** piety under Ashenzari
 13863 | D:11     | Reached skill level 5 in Fighting
 14008 | D:11     | Noticed Sonja
 14020 | D:11     | Killed Sonja
 14410 | D:12     | Found a staircase to the Orcish Mines.
 14939 | D:12     | Found a radiant altar of Vehumet.
 14950 | D:12     | Found Ygepp's Book Shoppe.
 15333 | D:13     | Noticed a centaur warrior
 15335 | D:13     | Reached skill level 11 in Poison Magic
 15744 | D:13     | Noticed a six-headed hydra
 16218 | D:13     | Killed a centaur warrior
 16233 | D:13     | Reached skill level 5 in Shields
 16595 | D:13     | HP: 3/77 [meliai/+0 hand axe (1)]
 16596 | D:13     | Slain by a meliai

Levels and vault maps discovered:
D:1:      onia_arrival_mini_maze_b, layout_loops_ring
D:2:      layout_basic, chequers_ecumenical_altar_simple
D:3:      layout_rooms, chequers_decorated_corner
D:4:      layout_loops_ring, ashenzari_altar_1, uniq_edmund, uniq_pikel,
          uniq_robin
D:5:      layout_cave_pools, first_ration, serial_shops, shop, uniq_duvessa
D:6:      layout_loops_cross, minmay_gold_behind_fungi, uniq_blork_the_orc,
          uniq_eustachio, uniq_menkaure
D:7:      layout_basic, minmay_temple_entry_offerings, uniq_crazy_yiuf_cottage
D:8:      layout_loops_ring
D:9:      layout_cave_pools, basic_altar, kennysheep_potato
D:10:     layout_basic, grunt_lair_entry_orc_guard_hut, uniq_josephine,
          uniq_psyche
D:11:     layout_cave_pools, uniq_sonja
D:12:     layout_long_grid, orc_0_dummy, basic_altar, serial_shops, shop,
          hangedman_stone_soup, minmay_librarian
D:13:     layout_long_grid, nicolae_trove_entry_columns,
          lemuel_mausoleum_altar_kikubaaqudgha

Skill      XL: |  1  2  3  4  5  6  7  8  9 10 11 12 |
---------------+-------------------------------------+-----
Poison Magic   | 4 5 6 7 8 10 11 | 11.2
Stealth        | 3 4 5 6 7 |  7.9
Unarmed Combat | 1 2 |  2.8
Spellcasting   | 3 4 5 6 7 8 |  8.7
Air Magic      | 1 2 3 4 5 6 |  6.4
Fighting       | 1 2 3 4 5 |  5.3
Maces & Flails | 2 3 5 7 8 9 |  9.9
Dodging        | 3 4 5 6 |  6.2
Shields        | 1 2 3 4 5 |  5.0
Transmutations | 2 3 |  3.0
Fire Magic     | 1 2 |  2.6
Conjurations   | 1 2 |  2.0
Throwing       | |  0.4

Action                   |  1- 3 |  4- 6 |  7- 9 | 10-12 || total
-------------------------+-------+-------+-------+-------++-------
Melee: Unarmed           |    76 |   128 |       |       ||   204
       Constrict         |    24 |    40 |    29 |    54 ||   147
       Tentacles         |     9 |    22 |    18 |    65 ||   114
       Punch             |       |     3 |     2 |    11 ||    16
       Flail             |       |    31 |   171 |   360 ||   562
Throw: Dart              |       |       |       |     2 ||     2
 Cast: Sting             |    20 |       |       |       ||    20
       Poisonous Vapours |     9 |    44 |    43 |    66 ||   162
       Mephitic Cloud    |       |     1 |     7 |    16 ||    24
       Olgreb's Toxic Ra |       |     1 |     2 |    20 ||    23
       Ignite Poison     |       |       |     9 |    27 ||    36
Invok: Curse Item        |       |       |     2 |       ||     2
  Use: Scroll            |       |     4 |       |       ||     4
       Potion            |       |     3 |     2 |     1 ||     6
 Stab: Sleeping          |     5 |     2 |    13 |    18 ||    38
  Eat: Chunk             |     4 |    11 |    12 |    22 ||    49
       Ration            |       |       |     1 |     1 ||     2
Armor: Skin              |     9 |    24 |    21 |    31 ||    85
Dodge: Dodged            |    70 |   142 |   106 |   256 ||   574
Block: Buckler           |       |    19 |    52 |   115 ||   186

Table legend:
 A = Non-vault XP
 B = Vault XP
 C = Vault XP percentage of total XP
 D = Non-vault monster count
 E = Vault monster count
 F = Vault count percentage of total count
                 A         B        C        D         E       F
            +---------+---------+-------+---------+---------+-------
      Total |   25111 |    6181 |  19.8 |     310 |      39 |  11.2
            +---------+---------+-------+---------+---------+-------
        D:1 |      35 |       0 |   0.0 |      22 |       0 |   0.0
        D:2 |      97 |       0 |   0.0 |      38 |       0 |   0.0
        D:3 |      90 |      15 |  14.3 |      16 |       1 |   5.9
        D:4 |     204 |     802 |  79.7 |      26 |      13 |  33.3
        D:5 |     526 |     231 |  30.5 |      15 |       2 |  11.8
        D:6 |     878 |     445 |  33.6 |      26 |       3 |  10.3
        D:7 |    1074 |      42 |   3.8 |      20 |       1 |   4.8
        D:8 |    1001 |       0 |   0.0 |      19 |       0 |   0.0
        D:9 |    4321 |     155 |   3.5 |      28 |       2 |   6.7
       D:10 |    7306 |    2651 |  26.6 |      28 |      11 |  28.2
       D:11 |    1997 |     814 |  29.0 |      23 |       1 |   4.2
       D:12 |    3747 |    1026 |  21.5 |      22 |       5 |  18.5
       D:13 |    3835 |       0 |   0.0 |      27 |       0 |   0.0
            +---------+---------+-------+---------+---------+-------
